 Dungeon Crawl Stone Soup version 0.24-a0-189-g5d897e9 (webtiles) character file.

Game seed: 5960199452608200503

32 Lanoc the Shield-Bearer (level 3, -6/29 HPs)
             Began as a Formicid Fighter on Mar 17, 2019.
             Killed by divine providence
             ... invoked by an orc priest
              (15 damage)
             ... on level 3 of the Dungeon.
             The game lasted 00:01:03 (403 turns).

Lanoc the Shield-Bearer (Formicid Fighter)           Turns: 403, Time: 00:01:03

Health: -6/29      AC:  6    Str: 20    XL:     3   Next: 45%
Magic:  3/3        EV:  8    Int:  7    God:
Gold:   12         SH:  9    Dex: 11    Spells: 2/2 levels left

rFire    . . .     SeeInvis +   a - +0 war axe
rCold    . . .     Gourm    .   c - +0 shield
rNeg     . . .     Faith    .   b - +0 scale mail
rPois    .         Spirit   .   (helmet unavailable)
rElec    .         Reflect  .   (no cloak)
rCorr    .         Harm     .   (no gloves)
MR       .....                  (no boots)
Stlth    ..........             (no amulet)
HPRegen  0.09/turn              (no ring)
MPRegen  0.08/turn              (no ring)

@: lethally poisoned (-6 -> -7)
A: permanent stasis, dig shafts and tunnels, four strong arms, antennae 3
a: Dig, Shaft Self


You were on level 3 of the Dungeon.
You were not hungry.

You visited 1 branch of the dungeon, and saw 3 of its levels.

You collected 12 gold pieces.

Inventory:

Hand Weapons
 a - a +0 war axe (weapon)
Armour
 b - a +0 scale mail (worn)
 c - a +0 shield (worn)
Scrolls
 e - a scroll of remove curse {unknown}
 g - a scroll of amnesia {unknown}
 h - 3 scrolls of blinking {unknown}
 i - a scroll of magic mapping {unknown}
 j - a scroll of identify {unknown}
Potions
 d - a potion of might
Comestibles
 f - 2 rations


   Skills:
 + Level 3.5 Fighting
 * Level 2.6 Axes
 + Level 3.6 Armour
 + Level 0.8 Dodging
 + Level 3.8 Shields


You had 2 spell levels left.
You didn't know any spells.
Your spell library was empty.

Dungeon Overview and Level Annotations

Branches:
Dungeon (3/15)

Altars:
The Shining One


Innate Abilities, Weirdness & Mutations

You cannot be hasted, slowed, berserked, paralysed or teleported.
You can dig through walls and to a lower floor.
Your four strong arms can wield two-handed weapons with a shield.
You have a pair of large antennae on your head. (SInv)


Message History

You kill the orc!
You block the adder's attack.
The orc priest looks satisfied for a moment.
You barely miss the adder. The adder bites you. x2
You are poisoned.
The adder poisons you!
You are too injured to fight recklessly!
You are too injured to fight recklessly!
You are too injured to fight recklessly!
You closely miss the adder.
You feel sick. The adder bites you but does no damage.
The adder completely misses you.
You slash the adder!
You kill the adder!
You hit the rat but do no damage.
You feel sick. The rat bites you but does no damage. The rat barely misses you.
You barely miss the rat. You block the rat's attack.
The orc priest invokes the aid of Beogh against you.
Beogh smites you!
Ouch! That really hurt!
You die...

.##...........
........#.. .
........#.#.#
......[.#)#.#
#..(...# #
##.##.### #.
#..##.#
#..###.###.#
##or@..###(#
#..o#####...#
#.#.##....### #
#{......# ###
####...####..
#..[...#.#
#....<.#.#
#......#.#
####.....#######


You could see an orc priest, an orc and a rat.

Vanquished Creatures
  An adder (D:3)
  2 dart slugs (D:1)
  An orc (D:3)
  A bat (D:1)
  A giant cockroach (D:1)
  2 goblins
  A hobgoblin (D:1)
  2 jackals (D:3)
  A quokka (D:3)
  3 kobolds
  4 rats
19 creatures vanquished.

Notes
Turn   | Place    | Note
-------+----------+-------------------------------------------
     0 | D:1      | Lanoc the Formicid Fighter began the quest for the Orb.
     0 | D:1      | Reached XP level 1. HP: 18/18 MP: 1/1
    80 | D:1      | Found a glowing golden altar of the Shining One.
   104 | D:1      | Reached XP level 2. HP: 10/24 MP: 2/2
   379 | D:3      | Reached XP level 3. HP: 21/29 MP: 3/3
   403 | D:3      | Killed from afar by an orc priest

Levels and vault maps discovered:
D:1:      lemuel_arrival_muddy, layout_basic, minmay_stone_trees_medium,
          serial_park_tiny_pond, tso_metal_star
D:2:      minmay_inner_zag, layout_basic
D:3:      minmay_diamond_boxcup, layout_rooms, first_ration

Action                   || total
-------------------------++-------
Melee: War axe           ||    64
Armor: Scale mail        ||    24
Dodge: Dodged            ||    24
Block: Shield            ||    35

Table legend:
 A = Non-vault XP
 B = Vault XP
 C = Vault XP percentage of total XP
 D = Non-vault monster count
 E = Vault monster count
 F = Vault count percentage of total count
                 A         B        C        D         E       F
            +---------+---------+-------+---------+---------+-------
      Total |      47 |       0 |   0.0 |      19 |       0 |   0.0
            +---------+---------+-------+---------+---------+-------
        D:1 |      18 |       0 |   0.0 |       8 |       0 |   0.0
        D:2 |       1 |       0 |   0.0 |       1 |       0 |   0.0
        D:3 |      28 |       0 |   0.0 |      10 |       0 |   0.0
            +---------+---------+-------+---------+---------+-------
